Knights vs River Rats

Created - 25 novembre 2012 at 19:26

Goals
1 2 3 T
Knights 0 2 3 5
River Rats 2 2 0 4
Shots
1 2 3 T
Knights 11 7 8 26
River Rats 15 11 8 34

1st period

1. River Rats , Sergei Shirokov 4 (Andrej Meszaros) at 1:18 (SH)
2. River Rats , Tyler Bozak 1 (Josh Gratton, Martin Grenier) at 3:14

Penalties :
Tyler Bozak (Alb) for Cross-checking (Minor) at 1:02, Scott Lehman (Lon) for Roughing (Minor) at 3:57, Jeff Glass (Alb) for Slashing (Minor) at 8:00 - Josh Gratton served the penalty, Troy Brouwer (Lon) for Holding (Minor) at 12:18, Chris Mcallister (Alb) for High sticking (Minor) at 12:45, Jack Skille (Lon) for Holding (Minor) at 16:49

2nd period

3. Knights , Darroll Powe 3 (Jakub Voracek) at 0:24 (PP)
4. River Rats , Sergei Shirokov 5 (Dustin Boyd) at 4:15
5. Knights , Jack Skille 3 (Karlis Skrastins, Jarret Stoll) at 11:38
6. River Rats , Sergei Shirokov 6 (Dustin Boyd, Martin Grenier) at 14:54

Penalties :
Jonathan Ericsson (Alb) for Interference (Minor) at 0:22, Brett Maclean (Alb) for Roughing (Minor) at 0:37, Martin Grenier (Alb) for Hooking (Minor) at 4:40, Zbynek Michalek (Lon) for Hooking (Minor) at 8:32, Mikael Renberg (Alb) for Hooking (Minor) at 9:29, Jakub Voracek (Lon) for Elbowing (Minor) at 15:19

3rd period

7. Knights , Darroll Powe 4 (Nigel Dawes) at 11:18
8. Knights , Jonathan Tremblay 1 (Aaron Rome, Karlis Skrastins) at 14:23
9. Knights , Vladimir Orszagh 3 (Jesse Joensuu, Darroll Powe) at 18:58

Penalties :
Troy Brouwer (Lon) for Cross-checking (Minor) at 3:27, Andrej Meszaros (Alb) for Goalie Interference (Minor) at 10:48, Sheldon Brookbank (Lon) for Hooking (Minor) at 10:48, Troy Brouwer (Lon) for Holding (Minor) at 15:11, Chris Mcallister (Alb) for Hooking (Minor) at 19:51

Goalie Stats

Michael Leighton (Lon), 30 saves from 34 shots - (0,882), W, 4-1-0, 60:00 minutes
Jeff Glass (Alb), 21 saves from 26 shots - (0,808), L, 2-3-1, 60:00 minutes

Players Stats for Knights

Player Name              G  A  P  +/- PIM S  H  SB GA TA FO     MP     PP MP  PK MP  
------------------------------------------------------------------------------------
Aaron Rome               0  1  1   2  0   0  1  1  0  0  0/0    13:01   0:51   0:27 
Benn Ferriero            0  0  0   1  0   0  2  0  0  0  0/1     9:01   0:00   1:17 
Cody Almond              0  0  0  -1  0   0  0  0  0  0  0/1     6:40   0:00   0:00 
Darroll Powe             2  1  3   0  0   4  1  0  0  0  16/38  23:51   5:14   6:26 
Garnet Exelby            0  0  0   2  0   0  1  3  1  0  0/0    22:19   3:41   4:07 
Jack Skille              1  0  1   0  2   3  1  2  0  0  0/0    12:59   3:49   0:00 
Jakub Voracek            0  1  1  -1  2   1  2  0  0  0  2/3    16:53   4:49   0:00 
Jarret Stoll             0  1  1   0  0   2  2  1  1  0  12/18  20:15   4:16   3:36 
Jesse Joensuu            0  1  1   1  0   0  0  0  1  0  0/0     6:53   0:00   0:00 
Jonathan Tremblay        1  0  1  -1  0   1  0  0  0  0  0/0     6:52   0:04   0:00 
Karlis Skrastins         0  2  2  -1  0   1  2  1  0  1  0/0    23:59   5:22   3:58 
Lauri Korpikoski         0  0  0  -1  0   0  2  0  0  0  0/0     9:00   0:00   1:17 
Nigel Dawes              0  1  1   0  0   1  1  0  2  1  1/1    23:51   5:14   6:26 
Scott Lehman             0  0  0   1  2   2  0  0  0  1  0/0    10:39   0:00   0:00 
Sheldon Brookbank        0  0  0  -3  2   5  1  0  0  2  0/0    26:55   5:49   7:12 
Troy Brouwer             0  0  0   0  6   2  1  0  0  0  1/2    14:09   4:16   0:00 
Vladimir Orszagh         1  0  1   1  0   2  1  0  0  1  0/0    11:50   0:00   3:36 
Zbynek Michalek          0  0  0  -1  2   2  2  0  1  1  0/0    24:53   4:05   6:54 

Players Stats for River Rats

Player Name              G  A  P  +/- PIM S  H  SB GA TA FO     MP     PP MP  PK MP  
------------------------------------------------------------------------------------
Andrej Meszaros          0  1  1  -1  2   0  2  1  1  0  0/0    21:07   4:29   3:34 
Brett Maclean            0  0  0   2  2   0  0  0  1  0  0/0    15:04   5:26   0:00 
Bryan Bickell            0  0  0   0  0   3  0  0  1  0  0/0     7:53   0:27   0:59 
Chris Mcallister         0  0  0  -1  4   1  2  0  0  0  0/1    14:14   5:37   0:00 
Dustin Boyd              0  2  2   1  0   3  1  0  1  0  15/29  19:35   5:26   3:10 
Jay Beagle               0  0  0   0  0   2  0  0  0  0  0/0     6:33   0:20   0:00 
Jonathan Ericsson        0  0  0   1  2   4  1  2  1  2  0/0    31:37   6:50   5:58 
Josh Gratton             0  1  1   0  0   2  5  0  0  0  0/0    11:43   0:08   1:10 
Keith Seabrook           0  0  0   0  0   0  1  0  0  0  0/0     8:14   0:00   0:53 
Kyle Chipchura           0  0  0   0  0   0  1  0  0  0  5/9    12:26   0:00   5:23 
Martin Grenier           0  2  2   1  2   3  3  3  0  2  0/0    30:10   6:50   4:46 
Mikael Renberg           0  0  0  -1  2   1  1  0  0  0  1/1    15:11   5:32   2:49 
Niklas Hjalmarsson       0  0  0   0  0   1  0  0  0  1  0/0     8:37   0:00   0:26 
Peter Mueller            0  0  0   0  0   3  0  0  1  0  3/6    12:13   5:33   0:00 
Ryan Suter               0  0  0  -1  0   0  4  1  0  0  0/0    20:52   4:29   3:23 
Sergei Shirokov          3  0  3   0  0   6  2  0  1  1  0/3    23:46   5:26   5:11 
Trent Hunter             0  0  0  -1  0   2  1  0  0  0  2/2    13:31   0:00   0:09 
Tyler Bozak              1  0  1   0  2   3  2  1  0  0  6/13   13:03   0:00   0:09 

3 Stars

1 - Sergei Shirokov (Alb)
2 - Darroll Powe (Lon)
3 - Martin Grenier (Alb)

Power Play

Knights - 1 on 8 Attempt(s) - 12,50%
River Rats - 0 on 7 Attempt(s) - 0,00%

Penalty Kill

Knights - 7 on 7 Attempt(s) - 100,00% - Score 0 goal in Penalty Kill
River Rats - 7 on 8 Attempt(s) - 87,50% - Score 1 goal in Penalty Kill

Official

Referees : Lee Chris and O'Rourke Dan
Linesman : Scott Driscoll and Lyle Seitz

Game Notes

Sergei Shirokov has scored a Hat Trick!

Knights

5 vs 5 Forward 
   Center                   Left Wing                Right Wing               Time % Phy DF OF 
 1 Darroll Powe             Nigel Dawes              Jakub Voracek            36     0   2  3  
 2 Jarret Stoll             Troy Brouwer             Jack Skille              34     0   2  3  
 3 Benn Ferriero            Jesse Joensuu            Vladimir Orszagh         20     1   2  2  
 4 Cody Almond              Lauri Korpikoski         Jonathan Tremblay        10     1   2  2  

5 vs 5 Defense 
   Defense                  Defense                                           Time % Phy DF OF 
 1 Zbynek Michalek          Sheldon Brookbank                                 36     1   2  2  
 2 Karlis Skrastins         Garnet Exelby                                     34     1   2  2  
 3 Scott Lehman             Aaron Rome                                        20     1   2  2  
 4 Karlis Skrastins         Sheldon Brookbank                                 10     1   3  1  

PowerPlay Forward 
   Center                   Left Wing                Right Wing               Time % Phy DF OF 
 1 Darroll Powe             Nigel Dawes              Jakub Voracek            60     0   0  5  
 2 Jarret Stoll             Troy Brouwer             Jack Skille              40     0   0  5  

PowerPlay Defense
   Defense                  Defense                                           Time % Phy DF OF 
 1 Karlis Skrastins         Sheldon Brookbank                                 60     1   1  3  
 2 Zbynek Michalek          Garnet Exelby                                     40     1   1  3  

Penalty Kill 4 Players Forward 
   Center                   Wing                     Time % Phy DF OF 
 1 Darroll Powe             Nigel Dawes              60     1   3  1  
 2 Jarret Stoll             Vladimir Orszagh         40     1   3  1  

Penalty Kill 4 Players Defense
   Defense                  Defense                  Time % Phy DF OF 
 1 Zbynek Michalek          Sheldon Brookbank        60     1   4  0  
 2 Karlis Skrastins         Garnet Exelby            40     1   4  0  

Penalty Kill - 3 Players Forward 
   Forward                                           Time % Phy DF OF 
 1 Darroll Powe                                      60     0   5  0  
 2 Nigel Dawes                                       40     0   5  0  

Penalty Kill - 3 Players Defense
   Defense                  Defense                  Time % Phy DF OF 
 1 Zbynek Michalek          Sheldon Brookbank        60     0   5  0  
 2 Karlis Skrastins         Garnet Exelby            40     0   5  0  

4 vs 4 Forward 
   Center                   Wing                     Time % Phy DF OF 
 1 Darroll Powe             Nigel Dawes              50     1   1  3  
 2 Jarret Stoll             Jakub Voracek            50     1   2  2  

4 vs 4 Defense
   Defense                  Defense                  Time % Phy DF OF 
 1 Zbynek Michalek          Sheldon Brookbank        60     1   2  2  
 2 Aaron Rome               Garnet Exelby            40     1   2  2  

Last Minutes Offensive
   Center                   Left Wing                Right Wing               Defense                  Defense                  
   Darroll Powe             Nigel Dawes              Jack Skille              Karlis Skrastins         Sheldon Brookbank        

Last Minutes Defensive
   Center                   Left Wing                Right Wing               Defense                  Defense                  
   Darroll Powe             Nigel Dawes              Vladimir Orszagh         Karlis Skrastins         Sheldon Brookbank        

Goaltenders
Starting : Michael Leighton         
Backup : Dany Sabourin            

Extra Forwards
Normal : Jack Skille, Jakub Voracek, Benn Ferriero - PP : Jack Skille, Nigel Dawes - PK : Benn Ferriero
Extra Defensemen
Normal : Karlis Skrastins, Aaron Rome, Sheldon Brookbank - PP : Zbynek Michalek - PK : Aaron Rome, Sheldon Brookbank
Penalty Shots
Jack Skille, Nigel Dawes, Darroll Powe, Jarret Stoll, Vladimir Orszagh

River Rats

5 vs 5 Forward 
   Center                   Left Wing                Right Wing               Time % Phy DF OF 
 1 Dustin Boyd              Brett Maclean            Sergei Shirokov          40     1   2  2  
 2 Peter Mueller            Chris Mcallister         Mikael Renberg           30     1   2  2  
 3 Tyler Bozak              Josh Gratton             Trent Hunter             20     1   2  2  
 4 Kyle Chipchura           Bryan Bickell            Jay Beagle               10     1   2  2  

5 vs 5 Defense 
   Defense                  Defense                                           Time % Phy DF OF 
 1 Jonathan Ericsson        Martin Grenier                                    40     1   2  2  
 2 Ryan Suter               Andrej Meszaros                                   30     1   2  2  
 3 Niklas Hjalmarsson       Keith Seabrook                                    20     1   2  2  
 4 Jonathan Ericsson        Martin Grenier                                    10     1   2  2  

PowerPlay Forward 
   Center                   Left Wing                Right Wing               Time % Phy DF OF 
 1 Dustin Boyd              Chris Mcallister         Sergei Shirokov          60     1   2  2  
 2 Peter Mueller            Brett Maclean            Mikael Renberg           40     1   2  2  

PowerPlay Defense
   Defense                  Defense                                           Time % Phy DF OF 
 1 Jonathan Ericsson        Martin Grenier                                    60     1   2  2  
 2 Ryan Suter               Andrej Meszaros                                   40     1   2  2  

Penalty Kill 4 Players Forward 
   Center                   Wing                     Time % Phy DF OF 
 1 Kyle Chipchura           Sergei Shirokov          60     1   2  2  
 2 Dustin Boyd              Mikael Renberg           40     1   2  2  

Penalty Kill 4 Players Defense
   Defense                  Defense                  Time % Phy DF OF 
 1 Jonathan Ericsson        Martin Grenier           60     1   2  2  
 2 Ryan Suter               Andrej Meszaros          40     1   2  2  

Penalty Kill - 3 Players Forward 
   Forward                                           Time % Phy DF OF 
 1 Dustin Boyd                                       60     1   2  2  
 2 Chris Mcallister                                  40     1   2  2  

Penalty Kill - 3 Players Defense
   Defense                  Defense                  Time % Phy DF OF 
 1 Jonathan Ericsson        Martin Grenier           60     1   2  2  
 2 Ryan Suter               Andrej Meszaros          40     1   2  2  

4 vs 4 Forward 
   Center                   Wing                     Time % Phy DF OF 
 1 Tyler Bozak              Trent Hunter             60     1   2  2  
 2 Dustin Boyd              Sergei Shirokov          40     1   2  2  

4 vs 4 Defense
   Defense                  Defense                  Time % Phy DF OF 
 1 Jonathan Ericsson        Martin Grenier           60     1   2  2  
 2 Ryan Suter               Andrej Meszaros          40     1   2  2  

Last Minutes Offensive
   Center                   Left Wing                Right Wing               Defense                  Defense                  
   Dustin Boyd              Chris Mcallister         Sergei Shirokov          Jonathan Ericsson        Martin Grenier           

Last Minutes Defensive
   Center                   Left Wing                Right Wing               Defense                  Defense                  
   Dustin Boyd              Chris Mcallister         Sergei Shirokov          Jonathan Ericsson        Martin Grenier           

Goaltenders
Starting : Jeff Glass               
Backup : Allen York               

Extra Forwards
Normal : Brett Maclean, Trent Hunter, Sergei Shirokov - PP : Bryan Bickell, Brett Maclean - PK : Josh Gratton
Extra Defensemen
Normal : Niklas Hjalmarsson, Keith Seabrook, Ryan Suter - PP : Niklas Hjalmarsson - PK : Keith Seabrook, Ryan Suter
Penalty Shots
Peter Mueller, Brett Maclean, Dustin Boyd, Chris Mcallister, Josh Gratton

% Time on Ice - Knights

Lines # - Real PCT - Wanted PCT - Time Play
Normal Forward
1 - 29% - 36% - 9:43
2 - 31% - 34% - 10:29
3 - 20% - 20% - 6:53
4 - 20% - 10% - 6:40
Normal Defense
1 - 34% - 36% - 11:36
2 - 37% - 34% - 12:27
3 - 29% - 20% - 9:38
4 - 0% - 10% - 0:04
PP Forward
1 - 55% - 60% - 5:14
2 - 45% - 40% - 4:16
PP Defense
1 - 61% - 60% - 5:49
2 - 39% - 40% - 3:41
PK Forward
1 - 68% - 60% - 7:43
2 - 32% - 40% - 3:36
PK Defense
1 - 65% - 60% - 7:21
2 - 35% - 40% - 3:58
PK3 Forward
1 - 0% - 60%
2 - 0% - 40%
PK3 Defense
1 - 0% - 60%
2 - 0% - 40%
44 Forward
1 - 49% - 50% - 2:15
2 - 51% - 50% - 2:18
44 Defense
1 - 68% - 60% - 3:07
2 - 32% - 40% - 1:26
Last Minute Offensive  - 0:00
Last Minute Defensive  - 0:53
Total
Forward - 60:00
Defense - 60:00

% Time on Ice - River Rats

Lines # - Real PCT - Wanted PCT - Time Play
Normal Forward
1 - 33% - 40% - 11:01
2 - 22% - 30% - 7:17
3 - 29% - 20% - 9:56
4 - 16% - 10% - 5:31
Normal Defense
1 - 45% - 40% - 15:05
2 - 34% - 30% - 11:19
3 - 22% - 20% - 7:21
4 - 0% - 10% - 0:00
PP Forward
1 - 51% - 60% - 5:46
2 - 49% - 40% - 5:33
PP Defense
1 - 60% - 60% - 6:50
2 - 40% - 40% - 4:29
PK Forward
1 - 67% - 60% - 6:20
2 - 33% - 40% - 3:10
PK Defense
1 - 65% - 60% - 6:13
2 - 35% - 40% - 3:17
PK3 Forward
1 - 0% - 60%
2 - 0% - 40%
PK3 Defense
1 - 0% - 60%
2 - 0% - 40%
44 Forward
1 - 71% - 60% - 3:15
2 - 29% - 40% - 1:18
44 Defense
1 - 63% - 60% - 2:52
2 - 37% - 40% - 1:41
Last Minute Offensive  - 0:53
Last Minute Defensive  - 0:00
Total
Forward - 60:00
Defense - 60:00

Play by Play

1st period


0:01 of 1st period - Dustin Boyd wins face-off versus Jakub Voracek in neutral zone.
0:27 of 1st period - Jonathan Ericsson is hit by Sheldon Brookbank and loses puck.
0:34 of 1st period - Backhand shot by Jarret Stoll.
0:34 of 1st period - Shot Misses the Net.
0:36 of 1st period - Wrist shot by Troy Brouwer.
0:36 of 1st period - Shot Blocked by Jonathan Ericsson.
0:59 of 1st period - Slapshot by Martin Grenier.
0:59 of 1st period - Shot Misses the Net.
1:02 of 1st period - Minor Penalty to Tyler Bozak for Cross-checking.
1:03 of 1st period - Darroll Powe wins face-off versus Sergei Shirokov in River Rats zone.
1:10 of 1st period - Snap shot by Darroll Powe.
1:10 of 1st period - Stopped by Jeff Glass with a rebound.
1:18 of 1st period - Wrist shot by Sergei Shirokov.
1:18 of 1st period - Goal by Sergei Shirokov - Knights : 0 - River Rats : 1.
1:19 of 1st period - Jarret Stoll wins face-off versus Dustin Boyd in neutral zone.
1:23 of 1st period - Slapshot by Zbynek Michalek.
1:23 of 1st period - Deflect By Troy Brouwer.
1:23 of 1st period - Stopped by Jeff Glass without a rebound.
1:24 of 1st period - Dustin Boyd wins face-off versus Jarret Stoll in River Rats zone.
1:32 of 1st period - Off-side.
1:33 of 1st period - Kyle Chipchura wins face-off versus Darroll Powe in neutral zone.
1:40 of 1st period - Sheldon Brookbank is hit by Martin Grenier and loses puck.
3:02 of 1st period - Penalty to Tyler Bozak is over, Tyler Bozak is back on ice.
3:12 of 1st period - Snap shot by Tyler Bozak.
3:12 of 1st period - Stopped by Michael Leighton with a rebound.
3:14 of 1st period - Wrist shot by Josh Gratton.
3:14 of 1st period - Deflect By Tyler Bozak.
3:14 of 1st period - Goal by Tyler Bozak - Knights : 0 - River Rats : 2.
3:15 of 1st period - Dustin Boyd wins face-off versus Darroll Powe in neutral zone.
3:27 of 1st period - Nigel Dawes is hit by Ryan Suter and loses puck.
3:57 of 1st period - Minor Penalty to Scott Lehman for Roughing.
3:58 of 1st period - Dustin Boyd wins face-off versus Darroll Powe in Knights zone.
5:57 of 1st period - Penalty to Scott Lehman is over, Scott Lehman is back on ice.
6:20 of 1st period - Lauri Korpikoski is hit by Keith Seabrook.
6:26 of 1st period - Wrist shot by Jack Skille.
6:26 of 1st period - Stopped by Jeff Glass without a rebound.
6:27 of 1st period - Jarret Stoll wins face-off versus Tyler Bozak in River Rats zone.
6:38 of 1st period - Wrist shot by Jack Skille.
6:38 of 1st period - Shot Misses the Net.
7:32 of 1st period - Snap shot by Sergei Shirokov.
7:32 of 1st period - Shot Blocked by Garnet Exelby.
7:34 of 1st period - Wrist shot by Andrej Meszaros.
7:34 of 1st period - Shot Blocked by Karlis Skrastins.
7:44 of 1st period - Wrist shot by Peter Mueller.
7:44 of 1st period - Stopped by Michael Leighton without a rebound.
7:45 of 1st period - Jarret Stoll wins face-off versus Tyler Bozak in Knights zone.
8:00 of 1st period - Slapshot by Troy Brouwer.
8:00 of 1st period - Stopped by Jeff Glass without a rebound.
8:00 of 1st period - Minor Penalty to Jeff Glass for Slashing.
8:01 of 1st period - Jakub Voracek wins face-off versus Kyle Chipchura in River Rats zone.
8:04 of 1st period - Slapshot by Darroll Powe.
8:04 of 1st period - Shot Blocked by Martin Grenier.
9:13 of 1st period - Snap shot by Dustin Boyd.
9:13 of 1st period - Stopped by Michael Leighton without a rebound.
9:14 of 1st period - Dustin Boyd wins face-off versus Jarret Stoll in Knights zone.
9:18 of 1st period - Slapshot by Martin Grenier.
9:18 of 1st period - Stopped by Michael Leighton with a rebound.
9:20 of 1st period - Slapshot by Jonathan Ericsson.
9:20 of 1st period - Shot Misses the Net.
9:22 of 1st period - Slapshot by Martin Grenier.
9:22 of 1st period - Deflect By Sheldon Brookbank.
9:22 of 1st period - Stopped by Michael Leighton without a rebound.
9:23 of 1st period - Kyle Chipchura wins face-off versus Darroll Powe in Knights zone.
9:30 of 1st period - Slapshot by Jonathan Ericsson.
9:30 of 1st period - Stopped by Michael Leighton with a rebound.
10:00 of 1st period - Penalty to Josh Gratton is over, Josh Gratton is back on ice.
10:07 of 1st period - Ryan Suter is hit by Jarret Stoll and loses puck.
10:20 of 1st period - Vladimir Orszagh is hit by Chris Mcallister and loses puck.
10:27 of 1st period - Snap shot by Jesse Joensuu.
10:27 of 1st period - Shot Misses the Net.
11:56 of 1st period - Snap shot by Josh Gratton.
11:56 of 1st period - Deflect By Jarret Stoll.
11:56 of 1st period - Stopped by Michael Leighton without a rebound.
11:57 of 1st period - Jarret Stoll wins face-off versus Tyler Bozak in Knights zone.
11:57 of 1st period - Jarret Stoll is hit by Tyler Bozak.
12:18 of 1st period - Minor Penalty to Troy Brouwer for Holding.
12:19 of 1st period - Dustin Boyd wins face-off versus Darroll Powe in Knights zone.
12:24 of 1st period - Wrist shot by Sergei Shirokov.
12:24 of 1st period - Stopped by Michael Leighton without a rebound.
12:25 of 1st period - Darroll Powe wins face-off versus Chris Mcallister in Knights zone.
12:36 of 1st period - Slapshot by Nigel Dawes.
12:36 of 1st period - Shot Hit the Post.
12:38 of 1st period - Slapshot by Zbynek Michalek.
12:38 of 1st period - Stopped by Jeff Glass without a rebound.
12:39 of 1st period - Darroll Powe wins face-off versus Dustin Boyd in River Rats zone.
12:45 of 1st period - Minor Penalty to Chris Mcallister for High sticking.
12:46 of 1st period - Tyler Bozak wins face-off versus Darroll Powe in River Rats zone.
12:51 of 1st period - Sheldon Brookbank is hit by Martin Grenier and loses puck.
13:14 of 1st period - Jonathan Ericsson is hit by Jarret Stoll and loses puck.
13:38 of 1st period - Slapshot by Sergei Shirokov.
13:38 of 1st period - Stopped by Michael Leighton without a rebound.
13:39 of 1st period - Jarret Stoll wins face-off versus Tyler Bozak in Knights zone.
13:48 of 1st period - Snap shot by Jarret Stoll.
13:48 of 1st period - Deflect By Jakub Voracek.
13:48 of 1st period - Shot Blocked by Andrej Meszaros.
13:48 of 1st period - Puck is out of play.
13:49 of 1st period - Trent Hunter wins face-off versus Darroll Powe in River Rats zone.
14:06 of 1st period - Snap shot by Jarret Stoll.
14:06 of 1st period - Stopped by Jeff Glass without a rebound.
14:07 of 1st period - Jarret Stoll wins face-off versus Tyler Bozak in River Rats zone.
14:12 of 1st period - Wrist shot by Jakub Voracek.
14:12 of 1st period - Shot Misses the Net.
14:18 of 1st period - Penalty to Troy Brouwer is over, Troy Brouwer is back on ice.
14:29 of 1st period - Icing by Zbynek Michalek.
14:30 of 1st period - Jarret Stoll wins face-off versus Sergei Shirokov in Knights zone.
14:30 of 1st period - Jarret Stoll is hit by Martin Grenier.
14:38 of 1st period - Wrist shot by Sheldon Brookbank.
14:38 of 1st period - Stopped by Jeff Glass with a rebound.
14:40 of 1st period - Backhand shot by Sheldon Brookbank.
14:40 of 1st period - Stopped by Jeff Glass with a rebound.
14:42 of 1st period - Snap shot by Jarret Stoll.
14:42 of 1st period - Shot Misses the Net.
14:44 of 1st period - Snap shot by Sheldon Brookbank.
14:44 of 1st period - Shot Misses the Net.
14:45 of 1st period - Penalty to Chris Mcallister is over, Chris Mcallister is back on ice.
14:58 of 1st period - Wrist shot by Troy Brouwer.
14:58 of 1st period - Shot Misses the Net.
15:00 of 1st period - Snap shot by Jarret Stoll.
15:00 of 1st period - Stopped by Jeff Glass with a rebound.
15:02 of 1st period - Slapshot by Zbynek Michalek.
15:02 of 1st period - Shot Blocked by Martin Grenier.
15:06 of 1st period - Snap shot by Troy Brouwer.
15:06 of 1st period - Shot Misses the Net.
15:08 of 1st period - Wrist shot by Jarret Stoll.
15:08 of 1st period - Shot Misses the Net.
15:27 of 1st period - Zbynek Michalek is hit by Sergei Shirokov and loses puck.
15:46 of 1st period - Wrist shot by Troy Brouwer.
15:46 of 1st period - Shot Misses the Net.
15:48 of 1st period - Wrist shot by Jakub Voracek.
15:48 of 1st period - Stopped by Jeff Glass without a rebound.
15:49 of 1st period - Tyler Bozak wins face-off versus Benn Ferriero in River Rats zone.
16:04 of 1st period - Snap shot by Vladimir Orszagh.
16:04 of 1st period - Stopped by Jeff Glass without a rebound.
16:05 of 1st period - Tyler Bozak wins face-off versus Cody Almond in River Rats zone.
16:12 of 1st period - Garnet Exelby is hit by Josh Gratton and loses puck.
16:47 of 1st period - Darroll Powe is hit by Andrej Meszaros and loses puck.
16:49 of 1st period - Minor Penalty to Jack Skille for Holding.
16:50 of 1st period - Peter Mueller wins face-off versus Darroll Powe in Knights zone.
16:53 of 1st period - Wrist shot by Mikael Renberg.
16:53 of 1st period - Shot Misses the Net.
16:55 of 1st period - Slapshot by Mikael Renberg.
16:55 of 1st period - Stopped by Michael Leighton without a rebound.
16:56 of 1st period - Peter Mueller wins face-off versus Darroll Powe in Knights zone.
17:01 of 1st period - Wrist shot by Peter Mueller.
17:01 of 1st period - Stopped by Michael Leighton with a rebound.
17:11 of 1st period - Snap shot by Peter Mueller.
17:11 of 1st period - Stopped by Michael Leighton without a rebound.
17:12 of 1st period - Dustin Boyd wins face-off versus Darroll Powe in Knights zone.
18:03 of 1st period - Karlis Skrastins is hit by Sergei Shirokov and loses puck.
18:49 of 1st period - Penalty to Jack Skille is over, Jack Skille is back on ice.
19:11 of 1st period - Backhand shot by Tyler Bozak.
19:11 of 1st period - Stopped by Michael Leighton with a rebound.
19:21 of 1st period - Zbynek Michalek is hit by Ryan Suter and loses puck.
19:38 of 1st period - Garnet Exelby is hit by Josh Gratton and loses puck.

2nd period


0:01 of 2nd period - Dustin Boyd wins face-off versus Darroll Powe in neutral zone.
0:07 of 2nd period - Off-side.
0:08 of 2nd period - Darroll Powe wins face-off versus Dustin Boyd in neutral zone.
0:22 of 2nd period - Minor Penalty to Jonathan Ericsson for Interference.
0:23 of 2nd period - Jakub Voracek wins face-off versus Kyle Chipchura in River Rats zone.
0:24 of 2nd period - Wrist shot by Darroll Powe.
0:24 of 2nd period - Goal by Darroll Powe - Knights : 1 - River Rats : 2.
0:25 of 2nd period - Dustin Boyd wins face-off versus Darroll Powe in neutral zone.
0:35 of 2nd period - Darroll Powe is hit by Dustin Boyd and loses puck.
0:37 of 2nd period - Minor Penalty to Brett Maclean for Roughing.
0:38 of 2nd period - Kyle Chipchura wins face-off versus Darroll Powe in River Rats zone.
0:49 of 2nd period - Snap shot by Sheldon Brookbank.
0:49 of 2nd period - Shot Blocked by Jonathan Ericsson.
1:53 of 2nd period - Karlis Skrastins is hit by Mikael Renberg and loses puck.
2:20 of 2nd period - Jarret Stoll is hit by Josh Gratton and loses puck.
2:37 of 2nd period - Penalty to Brett Maclean is over, Brett Maclean is back on ice.
3:59 of 2nd period - Snap shot by Josh Gratton.
3:59 of 2nd period - Shot Misses the Net.
4:11 of 2nd period - Snap shot by Dustin Boyd.
4:11 of 2nd period - Deflect By Aaron Rome.
4:11 of 2nd period - Shot Misses the Net.
4:11 of 2nd period - Puck is out of play.
4:12 of 2nd period - Dustin Boyd wins face-off versus Jarret Stoll in Knights zone.
4:13 of 2nd period - Wrist shot by Sergei Shirokov.
4:13 of 2nd period - Stopped by Michael Leighton with a rebound.
4:15 of 2nd period - Slapshot by Sergei Shirokov.
4:15 of 2nd period - Goal by Sergei Shirokov - Knights : 1 - River Rats : 3.
4:16 of 2nd period - Darroll Powe wins face-off versus Dustin Boyd in neutral zone.
4:21 of 2nd period - Snap shot by Darroll Powe.
4:21 of 2nd period - Shot Misses the Net.
4:23 of 2nd period - Backhand shot by Sheldon Brookbank.
4:23 of 2nd period - Shot Misses the Net.
4:25 of 2nd period - Wrist shot by Jakub Voracek.
4:25 of 2nd period - Shot Misses the Net.
4:27 of 2nd period - Snap shot by Darroll Powe.
4:27 of 2nd period - Deflect By Nigel Dawes.
4:27 of 2nd period - Shot Misses the Net.
4:27 of 2nd period - Puck is out of play.
4:28 of 2nd period - Darroll Powe wins face-off versus Dustin Boyd in River Rats zone.
4:40 of 2nd period - Minor Penalty to Martin Grenier for Hooking.
4:41 of 2nd period - Kyle Chipchura wins face-off versus Darroll Powe in River Rats zone.
6:19 of 2nd period - Sheldon Brookbank is hit by Josh Gratton and loses puck.
6:40 of 2nd period - Penalty to Martin Grenier is over, Martin Grenier is back on ice.
6:48 of 2nd period - Wrist shot by Jonathan Ericsson.
6:48 of 2nd period - Stopped by Michael Leighton with a rebound.
6:50 of 2nd period - Snap shot by Jonathan Ericsson.
6:50 of 2nd period - Shot Misses the Net.
6:52 of 2nd period - Slapshot by Niklas Hjalmarsson.
6:52 of 2nd period - Deflect By Benn Ferriero.
6:52 of 2nd period - Stopped by Michael Leighton with a rebound.
7:48 of 2nd period - Snap shot by Bryan Bickell.
7:48 of 2nd period - Stopped by Michael Leighton with a rebound.
8:02 of 2nd period - Garnet Exelby is hit by Trent Hunter and loses puck.
8:32 of 2nd period - Minor Penalty to Zbynek Michalek for Hooking.
8:33 of 2nd period - Darroll Powe wins face-off versus Dustin Boyd in Knights zone.
9:29 of 2nd period - Minor Penalty to Mikael Renberg for Hooking.
9:30 of 2nd period - Tyler Bozak wins face-off versus Jarret Stoll in River Rats zone.
10:32 of 2nd period - Penalty to Zbynek Michalek is over, Zbynek Michalek is back on ice.
11:22 of 2nd period - Off-side.
11:23 of 2nd period - Jarret Stoll wins face-off versus Dustin Boyd in neutral zone.
11:29 of 2nd period - Penalty to Mikael Renberg is over, Mikael Renberg is back on ice.
11:36 of 2nd period - Slapshot by Karlis Skrastins.
11:36 of 2nd period - Shot Blocked by Ryan Suter.
11:38 of 2nd period - Wrist shot by Jack Skille.
11:38 of 2nd period - Goal by Jack Skille - Knights : 2 - River Rats : 3.
11:39 of 2nd period - Troy Brouwer wins face-off versus Dustin Boyd in neutral zone.
11:54 of 2nd period - Slapshot by Jack Skille.
11:54 of 2nd period - Stopped by Jeff Glass with a rebound.
12:53 of 2nd period - Off-side.
12:54 of 2nd period - Kyle Chipchura wins face-off versus Jarret Stoll in neutral zone.
13:11 of 2nd period - Slapshot by Jonathan Ericsson.
13:11 of 2nd period - Shot Blocked by Jack Skille.
13:19 of 2nd period - Wrist shot by Bryan Bickell.
13:19 of 2nd period - Stopped by Michael Leighton without a rebound.
13:20 of 2nd period - Darroll Powe wins face-off versus Dustin Boyd in Knights zone.
14:10 of 2nd period - Slapshot by Jonathan Ericsson.
14:10 of 2nd period - Shot Blocked by Jarret Stoll.
14:12 of 2nd period - Wrist shot by Trent Hunter.
14:12 of 2nd period - Shot Misses the Net.
14:14 of 2nd period - Snap shot by Trent Hunter.
14:14 of 2nd period - Stopped by Michael Leighton with a rebound.
14:28 of 2nd period - Wrist shot by Nigel Dawes.
14:28 of 2nd period - Shot Misses the Net.
14:30 of 2nd period - Slapshot by Scott Lehman.
14:30 of 2nd period - Stopped by Jeff Glass with a rebound.
14:32 of 2nd period - Slapshot by Aaron Rome.
14:32 of 2nd period - Shot Misses the Net.
14:34 of 2nd period - Slapshot by Scott Lehman.
14:34 of 2nd period - Stopped by Jeff Glass with a rebound.
14:52 of 2nd period - Snap shot by Dustin Boyd.
14:52 of 2nd period - Stopped by Michael Leighton with a rebound.
14:54 of 2nd period - Snap shot by Sergei Shirokov.
14:54 of 2nd period - Goal by Sergei Shirokov - Knights : 2 - River Rats : 4.
14:55 of 2nd period - Dustin Boyd wins face-off versus Darroll Powe in neutral zone.
15:11 of 2nd period - Icing by Darroll Powe.
15:12 of 2nd period - Darroll Powe wins face-off versus Peter Mueller in Knights zone.
15:12 of 2nd period - Darroll Powe is hit by Jonathan Ericsson.
15:19 of 2nd period - Minor Penalty to Jakub Voracek for Elbowing.
15:20 of 2nd period - Darroll Powe wins face-off versus Dustin Boyd in Knights zone.
15:25 of 2nd period - Slapshot by Zbynek Michalek.
15:25 of 2nd period - Stopped by Jeff Glass with a rebound.
16:22 of 2nd period - Off-side.
16:23 of 2nd period - Jarret Stoll wins face-off versus Peter Mueller in neutral zone.
16:51 of 2nd period - Icing by Sergei Shirokov.
16:52 of 2nd period - Dustin Boyd wins face-off versus Darroll Powe in River Rats zone.
17:19 of 2nd period - Penalty to Jakub Voracek is over, Jakub Voracek is back on ice.
17:48 of 2nd period - Josh Gratton is hit by Zbynek Michalek and loses puck.
18:21 of 2nd period - Sheldon Brookbank is hit by Tyler Bozak and loses puck.
19:04 of 2nd period - Slapshot by Sheldon Brookbank.
19:04 of 2nd period - Stopped by Jeff Glass with a rebound.
19:11 of 2nd period - Icing by Martin Grenier.
19:12 of 2nd period - Darroll Powe wins face-off versus Tyler Bozak in River Rats zone.
19:25 of 2nd period - Snap shot by Trent Hunter.
19:25 of 2nd period - Shot Misses the Net.
19:27 of 2nd period - Slapshot by Martin Grenier.
19:27 of 2nd period - Shot Hit the Post.
19:29 of 2nd period - Snap shot by Jonathan Ericsson.
19:29 of 2nd period - Deflect By Trent Hunter.
19:29 of 2nd period - Shot Blocked by Garnet Exelby.
19:29 of 2nd period - Puck is out of play.
19:30 of 2nd period - Dustin Boyd wins face-off versus Jarret Stoll in Knights zone.
19:45 of 2nd period - Snap shot by Sergei Shirokov.
19:45 of 2nd period - Deflect By Dustin Boyd.
19:45 of 2nd period - Stopped by Michael Leighton without a rebound.
19:46 of 2nd period - Nigel Dawes wins face-off versus Peter Mueller in Knights zone.
19:46 of 2nd period - Nigel Dawes is hit by Andrej Meszaros.
19:52 of 2nd period - Jakub Voracek is hit by Chris Mcallister and loses puck.
19:59 of 2nd period - Wrist shot by Chris Mcallister.
19:59 of 2nd period - Stopped by Michael Leighton with a rebound.

3rd period


0:01 of 3rd period - Darroll Powe wins face-off versus Dustin Boyd in neutral zone.
1:26 of 3rd period - Wrist shot by Darroll Powe.
1:26 of 3rd period - Stopped by Jeff Glass without a rebound.
1:27 of 3rd period - Tyler Bozak wins face-off versus Darroll Powe in River Rats zone.
1:36 of 3rd period - Slapshot by Tyler Bozak.
1:36 of 3rd period - Shot Blocked by Garnet Exelby.
1:40 of 3rd period - Wrist shot by Josh Gratton.
1:40 of 3rd period - Stopped by Michael Leighton with a rebound.
1:42 of 3rd period - Snap shot by Trent Hunter.
1:42 of 3rd period - Stopped by Michael Leighton with a rebound.
1:52 of 3rd period - Niklas Hjalmarsson is hit by Troy Brouwer and loses puck.
3:12 of 3rd period - Off-side.
3:13 of 3rd period - Jarret Stoll wins face-off versus Tyler Bozak in neutral zone.
3:27 of 3rd period - Minor Penalty to Troy Brouwer for Cross-checking.
3:28 of 3rd period - Darroll Powe wins face-off versus Dustin Boyd in Knights zone.
4:31 of 3rd period - Zbynek Michalek is hit by Ryan Suter and loses puck.
5:22 of 3rd period - Josh Gratton is hit by Karlis Skrastins and loses puck.
5:27 of 3rd period - Penalty to Troy Brouwer is over, Troy Brouwer is back on ice.
5:36 of 3rd period - Jarret Stoll is hit by Ryan Suter and loses puck.
6:49 of 3rd period - Andrej Meszaros is hit by Jack Skille and loses puck.
7:54 of 3rd period - Icing by Jay Beagle.
7:55 of 3rd period - Jarret Stoll wins face-off versus Kyle Chipchura in River Rats zone.
8:18 of 3rd period - Jonathan Ericsson is hit by Aaron Rome.
8:32 of 3rd period - Snap shot by Bryan Bickell.
8:32 of 3rd period - Stopped by Michael Leighton with a rebound.
8:34 of 3rd period - Slapshot by Jay Beagle.
8:34 of 3rd period - Shot Misses the Net.
8:36 of 3rd period - Backhand shot by Kyle Chipchura.
8:36 of 3rd period - Shot Blocked by Aaron Rome.
8:38 of 3rd period - Wrist shot by Jay Beagle.
8:38 of 3rd period - Stopped by Michael Leighton with a rebound.
8:40 of 3rd period - Wrist shot by Jay Beagle.
8:40 of 3rd period - Stopped by Michael Leighton with a rebound.
8:46 of 3rd period - Slapshot by Jonathan Ericsson.
8:46 of 3rd period - Stopped by Michael Leighton with a rebound.
8:50 of 3rd period - Slapshot by Martin Grenier.
8:50 of 3rd period - Stopped by Michael Leighton with a rebound.
8:52 of 3rd period - Slapshot by Martin Grenier.
8:52 of 3rd period - Shot Blocked by Jack Skille.
8:54 of 3rd period - Slapshot by Jonathan Ericsson.
8:54 of 3rd period - Stopped by Michael Leighton without a rebound.
8:55 of 3rd period - Dustin Boyd wins face-off versus Darroll Powe in Knights zone.
9:22 of 3rd period - Chris Mcallister is hit by Benn Ferriero and loses puck.
9:51 of 3rd period - Andrej Meszaros is hit by Lauri Korpikoski and loses puck.
10:02 of 3rd period - Trent Hunter is hit by Jakub Voracek and loses puck.
10:23 of 3rd period - Jack Skille is hit by Josh Gratton and loses puck.
10:43 of 3rd period - Slapshot by Sheldon Brookbank.
10:43 of 3rd period - Shot Misses the Net.
10:45 of 3rd period - Snap shot by Zbynek Michalek.
10:45 of 3rd period - Shot Misses the Net.
10:47 of 3rd period - Snap shot by Sheldon Brookbank.
10:47 of 3rd period - Shot Misses the Net.
10:48 of 3rd period - Minor Penalty to Andrej Meszaros for Goalie Interference.
10:48 of 3rd period - Minor Penalty to Sheldon Brookbank for Hooking.
10:49 of 3rd period - Trent Hunter wins face-off versus Darroll Powe in River Rats zone.
11:13 of 3rd period - Jonathan Ericsson is hit by Darroll Powe and loses puck.
11:18 of 3rd period - Wrist shot by Darroll Powe.
11:18 of 3rd period - Goal by Darroll Powe - Knights : 3 - River Rats : 4.
11:19 of 3rd period - Tyler Bozak wins face-off versus Darroll Powe in neutral zone.
11:32 of 3rd period - Jonathan Ericsson is hit by Zbynek Michalek and loses puck.
12:35 of 3rd period - Brett Maclean is hit by Jakub Voracek and loses puck.
12:48 of 3rd period - Penalty to Andrej Meszaros is over, Andrej Meszaros is back on ice.
12:48 of 3rd period - Penalty to Sheldon Brookbank is over, Sheldon Brookbank is back on ice.
13:24 of 3rd period - Slapshot by Sheldon Brookbank.
13:24 of 3rd period - Stopped by Jeff Glass without a rebound.
13:25 of 3rd period - Peter Mueller wins face-off versus Troy Brouwer in River Rats zone.
13:34 of 3rd period - Snap shot by Troy Brouwer.
13:34 of 3rd period - Shot Misses the Net.
13:52 of 3rd period - Sheldon Brookbank is hit by Kyle Chipchura and loses puck.
14:03 of 3rd period - Bryan Bickell is hit by Benn Ferriero and loses puck.
14:21 of 3rd period - Slapshot by Aaron Rome.
14:21 of 3rd period - Shot Blocked by Tyler Bozak.
14:23 of 3rd period - Slapshot by Jonathan Tremblay.
14:23 of 3rd period - Goal by Jonathan Tremblay - Knights : 4 - River Rats : 4.
14:24 of 3rd period - Jarret Stoll wins face-off versus Dustin Boyd in neutral zone.
14:41 of 3rd period - Dustin Boyd is hit by Karlis Skrastins and loses puck.
15:09 of 3rd period - Jonathan Ericsson is hit by Garnet Exelby and loses puck.
15:11 of 3rd period - Minor Penalty to Troy Brouwer for Holding.
15:12 of 3rd period - Mikael Renberg wins face-off versus Darroll Powe in Knights zone.
15:17 of 3rd period - Mikael Renberg is hit by Nigel Dawes and loses puck.
16:48 of 3rd period - Peter Mueller is hit by Vladimir Orszagh and loses puck.
17:07 of 3rd period - Wrist shot by Benn Ferriero.
17:07 of 3rd period - Shot Misses the Net.
17:11 of 3rd period - Penalty to Troy Brouwer is over, Troy Brouwer is back on ice.
17:13 of 3rd period - Sergei Shirokov is hit by Lauri Korpikoski and loses puck.
18:58 of 3rd period - Wrist shot by Vladimir Orszagh.
18:58 of 3rd period - Goal by Vladimir Orszagh - Knights : 5 - River Rats : 4.
18:59 of 3rd period - Darroll Powe wins face-off versus Sergei Shirokov in neutral zone.
19:20 of 3rd period - Wrist shot by Nigel Dawes.
19:20 of 3rd period - Stopped by Jeff Glass without a rebound.
19:21 of 3rd period - Randy Cunneyworth call a timeout for River Rats.
19:21 of 3rd period - Darroll Powe wins face-off versus Dustin Boyd in River Rats zone.
19:34 of 3rd period - Snap shot by Darroll Powe.
19:34 of 3rd period - Shot Blocked by Martin Grenier.
19:36 of 3rd period - Slapshot by Karlis Skrastins.
19:36 of 3rd period - Stopped by Jeff Glass with a rebound.
19:38 of 3rd period - Snap shot by Sheldon Brookbank.
19:38 of 3rd period - Stopped by Jeff Glass without a rebound.
19:39 of 3rd period - Dustin Boyd wins face-off versus Darroll Powe in River Rats zone.
19:51 of 3rd period - Minor Penalty to Chris Mcallister for Hooking.
19:52 of 3rd period - Darroll Powe wins face-off versus Kyle Chipchura in River Rats zone.


Output by the SimonT Hockey Simulator (STHS) for François Prévost -- Original Page W3C XHTML 1.0 Valid
Hockey Simulator - Hockey Simulation - Hockey Manager